 Dungeon Crawl Stone Soup version 0.30.0-18-gf1372a6a44 (webtiles) character file.

Game seed: 255915273084891130

774 qw the Chopper (level 7, -3/44 HPs)
             Began as a Gargoyle Fighter on May 21, 2023.
             Slain by a gnoll sergeant
             ... wielding a +2 trident of venom
              (5 damage)
             ... on level 5 of the Dungeon.
             The game lasted 00:01:47 (3210 turns).

qw the Chopper (Gargoyle Fighter)                   Turns: 3210, Time: 00:01:48

Health: -3/44      AC: 18    Str: 24    XL:     7   Next: 84%
Magic:  7/7        EV:  8    Int: 10    God:
Gold:   208        SH:  3    Dex:  5    Spells: 6/6 levels left

rFire   . . .        Y - +0 war axe
rCold   . . .        c - +0 buckler
rNeg    + . .        k - +5 chain mail "Uhebuhock" {rElec rCorr Str+2 Int+2 Dex-4}
rPois   inf          (no helmet)
rElec   +            (no cloak)
rCorr   +            (no gloves)
SInv    .            (no boots)
Will    .....        (no amulet) Stlth
                     (no ring)
HPRegen 0.27/turn    (no ring)
MPRegen 0.10/turn

%: no passive effects
@: about to teleport
A: sickness immunity, AC +4, negative energy resistance 1, electricity
resistance, torment resistance 1, petrification resistance
a: no special abilities


You were on level 5 of the Dungeon.
You visited 1 branch of the dungeon, and saw 5 of its levels.

You collected 208 gold pieces.


Innate Abilities, Weirdness & Mutations

You are immune to sickness and miasma.
Your stone body is resilient. (AC +4)
You are immune to poison.
You resist negative energy. (rN+)
You are resistant to electric shocks. (rElec)
You are resistant to unholy torment.
You are immune to petrification.


   Skills:
 - Level 5.3 Fighting
 + Level 7.1 Axes
 - Level 3.2 Armour
 - Level 3.2 Shields


You had 6 spell levels left.
You didn't know any spells.
Your spell library was empty.

Inventory:

Hand Weapons
 a - a +0 flail
 Y - a +0 war axe (weapon)
Armour
 c - a +0 buckler (worn)
 k - the +5 chain mail "Uhebuhock" (worn) {rElec rCorr Str+2 Int+2 Dex-4}
   (You found it on level 2 of the Dungeon)

   Str:       It affects your strength (+2).
   Int:       It affects your intelligence (+2).
   Dex:       It affects your dexterity (-4).
   rElec:     It insulates you from electricity.
   rCorr:     It protects you from acid and corrosion.
Potions
 b - 2 potions of resistance
 d - 2 potions of might
 f - a potion of attraction {unknown}
 i - a potion of flight {unknown}
 j - 3 potions of curing
 l - a potion of cancellation {unknown}
 n - a potion of haste {unknown}

Dungeon Overview and Level Annotations

Branches:
Dungeon (5/15)
 Temple: D:4-7

Altars:


Message History

The orc wizard is heavily wounded.
You hit the gnoll sergeant but do no damage.
You hit the orc priest but do no damage.
The gnoll sergeant hits you with a +2 trident of venom!
The orc priest hits you but does no damage.
The gnoll barely misses you.
The orc wizard hits you but does no damage.
3207 ||| READING scroll of teleportation.
As you read the scroll of teleportation, it crumbles to dust.
You feel strangely unstable. The gnoll sergeant barely misses you.
The orc priest calls down the wrath of Beogh upon you.
You struggle to resist.
The orc wizard hits you but does no damage.
You block the gnoll's attack.
You closely miss the orc wizard.
The orc wizard is heavily wounded.
You hit the gnoll sergeant but do no damage.
You barely miss the orc priest. The gnoll sergeant barely misses you.
The orc priest hits you but does no damage.
The orc wizard hits you but does no damage.
The gnoll hits you from afar with a +0 halberd.
The gnoll barely misses you. The orc priest barely misses you.
The gnoll sergeant hits you with a +2 trident of venom.
The orc wizard hits you but does no damage.
You barely miss the orc wizard.
The orc wizard is heavily wounded.
You hit the gnoll sergeant but do no damage.
You barely miss the orc priest. You block the gnoll sergeant's attack.
The orc priest hits you with a +0 flail.
The gnoll hits you from afar with a +0 halberd.
The orc wizard hits you but does no damage.
You closely miss the orc wizard.
The orc wizard is heavily wounded.
You hit the gnoll sergeant.
You hit the orc priest but do no damage.
The gnoll sergeant hits you with a +2 trident of venom.
You die...

#.#.####### . go ##'#.#~~~~~#
.#h .....#~.%.~# .#o##### ##
.:...#~...~# .#.#... ..#
.....#~...~# .#.#.####..#
######~#.#~######.#.........#
#~~~~~~#.#~~~~~~#.g........##.#
#~...###.###...~#o...%.<......#
'...............@g...#####..###
#~...###.###...~#o...'.. ..#
#~~~~~~#.#~~~~~~#....### .#
######~#.#~######....'.#
#~...~# ......#.# #~...~#
......... #~...~# #####.#
#~~~~~# .# #######


You could see a gnoll sergeant, an orc priest, an orc wizard and a gnoll.

Vanquished Creatures
  A water moccasin (D:5)
  Blork the orc (D:4)
  3 scorpions (D:5)
  2 quasits (D:5)
  3 hounds
  A jelly (D:4)
  2 iguanas
  Terence (D:3)
  2 adders
  2 gnolls (D:5)
  3 shadow imps (D:5)
  3 white imps (D:5)
  2 ufetubi (D:5)
  4 worms
  2 dart slugs (D:1)
  An orc (D:4)
  8 endoplasms
  2 giant cockroaches
  A goblin (D:2)
  5 hobgoblins
  4 jackals (D:2)
  A quokka (D:1)
  3 ball pythons
  10 bats
  6 kobolds
  7 rats
80 creatures vanquished.

Notes
Turn   | Place    | Note
-------+----------+-------------------------------------------
     0 | D:1      | qw the Gargoyle Fighter began the quest for the Orb.
     0 | D:1      | Reached XP level 1. HP: 14/14 MP: 1/1
     0 | D:1      | 0 ||| qw: Version: 0.2-a-98-g16b38d9
     0 | D:1      | 0 ||| qw: Game counter: 15
     0 | D:1      | 0 ||| qw: Always use a shield: true
     0 | D:1      | 0 ||| qw: God list: Okawaru
     0 | D:1      | 0 ||| qw: Allow faded altars: false
     0 | D:1      | 0 ||| qw: Do Orc after D:15 true
     0 | D:1      | 0 ||| qw: Do second Lair branch before Depths: true
     0 | D:1      | 0 ||| qw: Lair rune preference: random
     0 | D:1      | 0 ||| qw: Plans: Normal, Zot:1-4, God:TSO, Crypt, Tomb,
                  | Pan, Slime:5, Hells, Abyss, Win
     0 | D:1      | 0 ||| PLANNING D:1-11
    30 | D:1      | Reached skill level 2 in Axes
   109 | D:1      | Reached XP level 2. HP: 17/19 MP: 2/2
   252 | D:1      | 252 ||| Stepping ~*~*~tactically~*~*~ (stealth).
   257 | D:1      | 257 ||| Stepping ~*~*~tactically~*~*~ (hiding).
   266 | D:1      | Reached skill level 3 in Axes
   519 | D:1      | 519 ||| DROPPING +0 whip.
   635 | D:1      | 635 ||| READING scroll labelled GARENER REHUF.
   636 | D:1      | 636 ||| READING scroll labelled JUDENI UN YRGHI.
   637 | D:1      | 637 ||| READING scroll labelled MEHUANOUTI.
   638 | D:1      | 638 ||| READING scroll labelled BUFIAXZ VULYE.
   739 | D:1      | 739 ||| READING scroll labelled PULOSTUD BIKUGA.
   740 | D:1      | 740 ||| DRINKING 2 clear potions.
   757 | D:2      | Reached XP level 3. HP: 23/23 MP: 3/3
   804 | D:2      | 804 ||| DROPPING +0 mace of protection.
   945 | D:2      | 945 ||| Stepping ~*~*~tactically~*~*~ (hiding).
  1038 | D:2      | Found a faded altar of an unknown god.
  1185 | D:2      | Identified the +5 chain mail "Uhebuhock" {rElec rCorr Str+2
                  | Int+2 Dex-4}
  1309 | D:2      | 1309 ||| Stepping ~*~*~tactically~*~*~ (stealth).
  1353 | D:2      | 1353 ||| Stepping ~*~*~tactically~*~*~ (hiding).
  1356 | D:2      | 1356 ||| Stepping ~*~*~tactically~*~*~ (hiding).
  1358 | D:2      | 1358 ||| Stepping ~*~*~tactically~*~*~ (hiding).
  1359 | D:2      | 1359 ||| Stepping ~*~*~tactically~*~*~ (hiding).
  1417 | D:2      | 1417 ||| Stepping ~*~*~tactically~*~*~ (stealth).
  1418 | D:2      | 1418 ||| Stepping ~*~*~tactically~*~*~ (stealth).
  1493 | D:2      | Reached XP level 4. HP: 24/28 MP: 4/4
  1575 | D:2      | 1575 ||| UPGRADING to +5 chain mail "Uhebuhock" {rElec
                  | rCorr Str+2 Int+2 Dex-4}.
  1585 | D:2      | 1585 ||| DROPPING +0 scale mail.
  1586 | D:2      | 1586 ||| DROPPING ring of wizardry.
  1587 | D:2      | 1587 ||| READING 2 scrolls labelled EGUNIE UCLIQE.
  1590 | D:2      | 1590 ||| READING scroll labelled FUINULE FIFADYJUT.
  1591 | D:2      | 1591 ||| DRINKING 2 murky coppery potions.
  1681 | D:3      | Reached skill level 4 in Axes
  1976 | D:3      | Noticed Terence
  1997 | D:3      | Killed Terence
  2149 | D:3      | You fall into a shaft and drop 1 floor!
  2162 | D:4      | Noticed Blork the orc
  2169 | D:4      | Killed Blork the orc
  2170 | D:4      | Reached skill level 5 in Axes
  2170 | D:4      | Reached XP level 5. HP: 26/32 MP: 5/5
  2229 | D:4      | Identified the +9 short sword of Armageddon {freeze, rPois
                  | Int-3 Dex+2 SInv}
  2269 | D:4      | Identified the +8 hand axe "Ofofami" {drain, MP+9 Dex+2
                  | Stlth+}
  2271 | D:4      | 2271 ||| DROPPING +8 hand axe "Ofofami" {drain, MP+9 Dex+2
                  | Stlth+}.
  2348 | D:4      | 2348 ||| DROPPING +1 hand axe of pain.
  2493 | D:4      | 2493 ||| READING scroll labelled EROKEH IFALY.
  2494 | D:4      | 2494 ||| READING 2 scrolls labelled RILUAJEFUN.
  2495 | D:4      | 2495 ||| READING scroll labelled JOVONA BARO.
  2496 | D:4      | 2496 ||| DROPPING scroll of noise.
  2500 | D:4      | 2500 ||| Stepping ~*~*~tactically~*~*~ (stealth).
  2501 | D:4      | 2501 ||| Stepping ~*~*~tactically~*~*~ (stealth).
  2502 | D:4      | 2502 ||| Stepping ~*~*~tactically~*~*~ (stealth).
  2508 | D:4      | Reached XP level 6. HP: 29/39 MP: 6/6
  2868 | D:5      | Entered Level 5 of the Dungeon
  2876 | D:5      | 2876 ||| STAIRDANCE
  2889 | D:5      | 2889 ||| Stepping ~*~*~tactically~*~*~ (stealth).
  2905 | D:5      | HP: 9/39 [gnoll sergeant/+2 trident of venom (2)]
  2906 | D:5      | 2906 ||| READING 3 scrolls of teleportation.
  2906 | D:5      | HP: 2/39 [gnoll sergeant/+2 trident of venom (7)]
  2907 | D:5      | 2907 ||| DRINKING 2 potions of heal wounds.
  2908 | D:5      | Noticed a water moccasin
  2914 | D:5      | HP: 6/39 [scorpion (4)]
  2915 | D:5      | 2915 ||| READING 2 scrolls of teleportation.
  2916 | D:5      | 2916 ||| DRINKING potion of heal wounds.
  2918 | D:5      | Killed a water moccasin
  2980 | D:5      | 2980 ||| Stepping ~*~*~tactically~*~*~ (hiding).
  2989 | D:5      | Reached skill level 6 in Axes
  3000 | D:5      | Reached XP level 7. HP: 36/44 MP: 7/7
  3058 | D:5      | 3058 ||| Stepping ~*~*~tactically~*~*~ (hiding).
  3059 | D:5      | 3059 ||| Stepping ~*~*~tactically~*~*~ (hiding).
  3061 | D:5      | 3061 ||| Stepping ~*~*~tactically~*~*~ (hiding).
  3171 | D:5      | Reached skill level 7 in Axes
  3206 | D:5      | HP: 7/44 [gnoll sergeant/+2 trident of venom (10)]
  3207 | D:5      | 3207 ||| READING scroll of teleportation.
  3209 | D:5      | HP: 2/44 [orc priest/+0 flail (3)]
  3210 | D:5      | Slain by a gnoll sergeant

Levels and vault maps discovered:
D:1:      scummos_arrival_simple_fountains, layout_rooms, serial_forest,
          infiniplex_forest_corner_2, infiniplex_forest_zigzag_1,
          infiniplex_forest_straight_4, infiniplex_forest_end_3,
          infiniplex_forest_straight_3
D:2:      layout_loops_ring, dreamdust_ecumenical_altar_statues
D:3:      layout_basic, uniq_terence
D:4:      layout_loops_cross, uniq_blork_the_orc
D:5:      layout_basic, mainiacjoe_overflow_24_doors, serial_demonic,
          serial_demonic_c, serial_demonic_c, serial_demonic_a,
          serial_demonic_e, serial_demonic_a, kennysheep_minor_cross

Skill      XL: |  1  2  3  4  5  6  7 |
---------------+----------------------+-----
Axes           | 2 3 5 6 7 |  7.1
Fighting       | 4 5 |  5.3
Armour         | |  3.2
Shields        | |  3.2

Action                     |  1- 3 |  4- 6 |  7- 9 || total
---------------------------+-------+-------+-------++-------
  Melee: War axe           |   136 |   104 |    75 ||   315
    Use: Scroll            |     5 |     7 |     1 ||    13
         Potion            |     1 |     3 |       ||     4
 Armour: Scale mail        |    69 |     2 |       ||    71
         Chain mail        |       |    87 |    90 ||   177
  Dodge: Dodged            |    50 |    55 |    67 ||   172
  Block: Buckler           |    26 |    15 |    23 ||    64

Table legend:
 A = Non-vault XP
 B = Vault XP
 C = Vault XP percentage of total XP
 D = Non-vault monster count
 E = Vault monster count
 F = Vault count percentage of total count
                 A         B        C        D         E       F
            +---------+---------+-------+---------+---------+-------
      Total |     818 |     288 |  26.0 |      69 |      11 |  13.8
            +---------+---------+-------+---------+---------+-------
        D:1 |      33 |       0 |   0.0 |      19 |       0 |   0.0
        D:2 |      51 |       0 |   0.0 |      26 |       0 |   0.0
        D:3 |      18 |      36 |  66.7 |       5 |       1 |  16.7
        D:4 |     136 |      90 |  39.8 |       8 |       1 |  11.1
        D:5 |     580 |     162 |  21.8 |      11 |       9 |  45.0
            +---------+---------+-------+---------+---------+-------
